AoeStats
← Reaper20131

MegaRandom

509991346Analyzed
4v4 RM · 2d ago on Sep 28, 2026· 30m 2s· 8 players
Game mode
Random Map
Map size
Large (8 player)
Population
200
Speed
Normal
Resources
Standard
Victory
Conquest
Starting age
Dark Age
Ending age
Imperial Age
RankedLock teamsTeams togetherTeam positionsShared explorationLock speedFull tech treeHidden civsTurbo modeCheats
Victory
Defeat
🇵🇪 Mongols · Peru
1003
+14
🇨🇦 Franks · Canada
957
+16
🇨🇱 Magyars · Chile
937
+17
🇨🇦 Japanese · Canada
929
+17
🇺🇸 Bulgarians · United States
1018
-19
🇨🇳 Burgundians · China
960
-16
🇧🇷 Cumans · Brazil
953
-16
🇺🇸 Persians · United States
886
-13
Jman
0:31 Loom
12:34 Feudal Age
17:01 Man-at-Arms
20:24 Castle Age
22:07 Double-Bit Axe
24:18 Husbandry
25:32 Forging
27:50 Pikeman
Completosinpalta
2:38 Loom
10:23 Feudal Age
10:59 Double-Bit Axe
10:56 Horse Collar
11:08 Gold Mining
16:27 Fletching
16:37 Padded Archer Armor
21:23 Castle Age
21:23 Bloodlines
22:22 Thumb Ring
25:49 Light Cavalry
26:29 Husbandry
26:51 Bodkin Arrow
28:36 Gold Shaft Mining
ptom
0:37 Loom
11:19 Feudal Age
12:07 Fishing Lines
12:48 Double-Bit Axe
14:48 Horse Collar
16:05 Wheelbarrow
20:45 Castle Age
18:59 Stone Mining
19:01 Gold Mining
19:59 Fletching
20:19 Forging
20:39 Scale Mail Armor
20:28 Arson
22:02 Gold Shaft Mining
21:47 Bow Saw
22:15 Gillnets
23:14 Heavy Plow
24:02 Iron Casting
23:20 Gambesons
25:35 Chain Mail Armor
26:09 Squires
27:28 Treadmill Crane
27:43 Murder Holes
27:59 Clinker Construction
27:47 Murder Holes
27:33 Treadmill Crane
28:04 Masonry
30:25 Hand Cart
Yosef_
7:16 Loom
10:03 Feudal Age
10:05 Man-at-Arms
13:08 Double-Bit Axe
15:03 Fletching
16:29 Padded Archer Armor
Reaper20131
3:12 Loom
11:46 Feudal Age
13:50 Arson
29:09 Castle Age
27:51 Double-Bit Axe
2Cool2Care
3:22 Loom
14:44 Feudal Age
15:00 Man-at-Arms
18:46 Loom
24:43 Double-Bit Axe
24:51 Horse Collar
25:17 Gold Mining
26:53 Wheelbarrow
Bruin878
13:16 Feudal Age
11:33 Loom
18:20 Castle Age
17:31 Bloodlines
19:15 Wheelbarrow
18:59 Husbandry
21:32 Hand Cart
25:23 Horse Collar
25:32 Double-Bit Axe
25:41 Stone Mining
25:42 Gold Mining
28:48 Town Watch
我儿陆振洋
10:57 Loom
13:06 Feudal Age
18:06 Castle Age
17:48 Double-Bit Axe
24:00 Cavalier
26:56 Gold Mining
27:51 Forging
Connection lost

Rejoining the realm…

Still unreachable

The connection could not be restored.

Session expired

The server has moved on; the page needs a fresh start.